[Event "Team 45 45 League T40"]
[Site "Internet Chess Club"]
[Date "2009.03.03"]
[Round "5"]
[White "ErycC"]
[Black "slipkid"]
[Result "1-0"]
[WhiteElo "1643"]
[BlackElo "1509"]
[Opening "Bird's opening"]
[ECO "A03"]
[Time "13:57:41"]
[TimeControl "2700+45"]

1. f4 d5 2. Nf3 Nc6 3. e3 Nf6 4. Bb5 Bd7 5. Bxc6 Bxc6 6. Ne5 Bb5 7. b3 e6 8. Bb2
Bc5 9. Nc3 Ba6 10. Na4 Bb4 11. a3 Be7 12. Bd4 b6 13. Nc6 Qd7 14. Nxe7 Qxe7 15.
d3 O-O 16. O-O Rfd8 17. Be5 Rac8 18. Qe1 Nd7 19. Bb2 Rf8 20. Qg3 f6 21. Nc3 Bb7
22. a4 e5 23. fxe5 fxe5 24. Ba3 Rxf1+ 25. Kxf1 Rf8+ 26. Kg1 c5 27. Rf1 Rxf1+ 28.
Kxf1 d4 29. exd4 exd4 30. Nb5 a6 31. Nxd4 Qf6+ 32. Nf3 Ne5 33. Qxe5 Qd8 34. Bb2
Qf8 35. Qxg7+ Qxg7 36. Bxg7 Kxg7 37. Kf2 Kf6 38. Ke2 Kf5 39. c3 Kf4 40. d4 cxd4
41. cxd4 Ke4 42. g3 Bd5 43. b4 Bc4+ 44. Kf2 Kd3 45. h3 Kc3 46. Ke3 Kxb4 47. Ne5
Be6 48. g4 b5 49. axb5 Kxb5 50. Ke4 a5 51. d5 Bc8 52. Nc6 a4 53. Na7+ Kc4 54.
Nxc8 a3 55. d6 a2 56. d7 a1=Q 57. d8=Q Qa8+ 58. Kf5 Qf3+ 59. Ke6 Qe4+ 60. Kd7
Qd5+ 61. Nd6+ Kd4 62. Qh8+ Kc5 63. Qc3+ Kb6 64. Qb4+ {Black resigns} 1-0

[Event "Team 45 45 League T40"]
[Site "Internet Chess Club"]
[Date "2009.02.28"]
[Round "5"]
[White "Conjurer"]
[Black "cobbler"]
[Result "0-1"]
[WhiteElo "1270"]
[BlackElo "1114"]
[Opening "French: Tarrasch"]
[ECO "C03"]
[Time "16:31:03"]
[TimeControl "2700+45"]

1. e4 e6 2. d4 d5 3. Nd2 dxe4 4. Nxe4 c5 5. Nxc5 Bxc5 6. dxc5 Qa5+ 7. Bd2 Qxc5
8. Nf3 Nf6 9. b4 Qe7 10. Bg5 Qxb4+ 11. Qd2 Qxd2+ 12. Nxd2 Nbd7 13. Bb5 a6 14.
Bxf6 gxf6 15. Bd3 b5 16. O-O f5 17. f4 Rg8 18. Nf3 Bb7 19. Ng5 h6 20. Nf3 Nf6
21. Ne5 Rxg2+ 22. Kh1 Rf2+ 23. Kg1 Rxf1+ 24. Rxf1 Nd5 25. Be2 Ne3 26. Rc1 Ng2
27. Bh5 Ke7 28. Rf1 Rg8 29. Bxf7 Rg7 30. Rf2 Nxf4+ 31. Kf1 Nh3 32. Rd2 Rg1+ 33.
Ke2 Rg2+ 34. Ke3 Rxd2 35. Kxd2 Kf6 36. Nc4 bxc4 37. Be8 {White resigns} 0-1

[Event "Team 45 45 League T40"]
[Site "Internet Chess Club"]
[Date "2009.02.28"]
[Round "5"]
[White "jjaillet2007"]
[Black "blkmagic"]
[Result "1/2-1/2"]
[WhiteElo "1210"]
[BlackElo "1215"]
[Opening "King's Indian defense, 3.Nc3"]
[ECO "E61"]
[Time "19:58:00"]
[TimeControl "2700+45"]

1. d4 Nf6 2. c4 g6 3. Nc3 Bg7 4. Nf3 d6 5. h3 O-O 6. Bf4 c5 7. e3 Qa5 8. Bd3
cxd4 9. exd4 d5 10. O-O Nc6 11. cxd5 Nxd5 12. Nxd5 Qxd5 13. Qb3 Qxb3 14. axb3
Nxd4 15. Nxd4 Bxd4 16. Rab1 e5 17. Be3 Bxe3 18. fxe3 f5 19. Rbc1 Rd8 20. Rfd1
Be6 21. Bc4 Rxd1+ 22. Rxd1 Bxc4 23. bxc4 f4 24. exf4 exf4 25. Kf2 Re8 26. Kf3 g5
27. Rd7 Re3+ 28. Kf2 Rb3 29. Rd2 h5 30. Ke2 g4 31. hxg4 hxg4 32. Kf1 Kg7 33. Rf2
g3 34. Rxf4 Rxb2 35. Rg4+ Kf6 36. Rxg3 Rb1+ 37. Kf2 Rb2+ 38. Kf1 Rc2 39. Rf3+
Ke5 40. g4 Rxc4 41. g5 Rc7 42. g6 Rg7 43. Rf7 Rxg6 44. Rxb7 Rf6+ 45. Ke2 a6 46.
Kd3 Rc6 47. Rb4 Rd6+ 48. Kc3 Rd5 49. Ra4 a5 50. Kc4 {Game drawn by mutual
agreement} 1/2-1/2

[Event "Team 45 45 League T40"]
[Site "Internet Chess Club"]
[Date "2009.02.27"]
[Round "5"]
[White "Zohan"]
[Black "sere"]
[Result "1-0"]
[WhiteElo "1236"]
[BlackElo "917"]
[Opening "Pirc defense"]
[ECO "B07"]
[Time "13:01:51"]
[TimeControl "2700+45"]

1. e4 d6 2. d4 Nf6 3. Nc3 e6 4. Nf3 Nc6 5. a3 Be7 6. d5 exd5 7. exd5 Ne5 8. Bb5+
Bd7 9. Bxd7+ Nfxd7 10. O-O O-O 11. Bf4 Bf6 12. Ne4 Bh4 13. Bg5 Bxg5 14. Nexg5
Nxf3+ 15. Nxf3 Nf6 16. c4 Qe7 17. Re1 Qd7 18. Qc2 Rfe8 19. b4 Rxe1+ 20. Rxe1 Re8
21. Qc3 Rxe1+ 22. Qxe1 Qf5 23. Nd4 Qg6 24. h3 Nh5 25. Qe8# {Black checkmated}
1-0

[Event "Team 45 45 League T40"]
[Site "Internet Chess Club"]
[Date "2009.03.01"]
[Round "5"]
[White "guyd52"]
[Black "katabatico"]
[Result "1-0"]
[WhiteElo "1391"]
[BlackElo "1391"]
[Opening "Réti opening"]
[ECO "A05"]
[Time "06:01:42"]
[TimeControl "2700+45"]

1. Nf3 Nf6 2. g3 d5 3. Bg2 c6 4. d3 Bg4 5. O-O Nbd7 6. Nbd2 e5 7. e4 Bc5 8. a3
a6 9. b4 Ba7 10. Bb2 O-O 11. Re1 Qb6 12. Qe2 Rfe8 13. Qe3 Qd8 14. Qe2 Nf8 15.
Qf1 Bxf3 16. Bxf3 dxe4 17. Nxe4 Ng6 18. Rad1 Rc8 19. c4 Bd4 20. Rd2 h5 21. Nxf6+
Qxf6 22. Bxd4 Qxf3 23. Bb2 h4 24. Re3 Qh5 25. h3 Qg5 26. Rde2 Nf4 27. Re1 f6 28.
d4 Rcd8 29. dxe5 fxe5 30. Rxe5 Rxe5 31. Rxe5 Qg6 32. Re3 Rd2 33. Bc1 Nxh3+ 34.
Qxh3 Rd1+ 35. Kh2 Rxc1 36. Qxh4 Rc2 37. Kg2 Qh6 38. Re8+ Kh7 39. Qe4+ Qg6 40.
Rh8+ {Black resigns} 1-0

[Event "Team 45 45 League T40"]
[Site "Internet Chess Club"]
[Date "2009.02.27"]
[Round "5"]
[White "malihini"]
[Black "CoasterBrake"]
[Result "1-0"]
[WhiteElo "1264"]
[BlackElo "1235"]
[Opening "Giuoco Piano: Greco's attack"]
[ECO "C54"]
[Time "11:01:00"]
[TimeControl "2700+45"]

1. e4 e5 2. Nf3 Nc6 3. Bc4 Bc5 4. c3 Nf6 5. d4 exd4 6. cxd4 Bb4+ 7. Nc3 Bxc3+ 8.
bxc3 Nxe4 9. Qe2 d5 10. Bd3 O-O 11. Bxe4 dxe4 12. Ng5 Bf5 13. Qb5 Qc8 14. Qd5
Qd8 15. Qxf5 g6 16. Qh3 h5 17. Nxe4 Re8 18. Qd3 f5 19. O-O fxe4 20. Qc4+ Kg7 21.
d5 Ne7 22. Bg5 c6 23. Qd4+ Kh7 24. Qf6 Qxd5 25. Rfd1 Qc4 26. Rd4 Qg8 27. Rd7
Rad8 28. Rxe7+ Rxe7 29. Qxe7+ Kh8 30. Bf6+ {Black resigns} 1-0

[Event "Team 45 45 League T40"]
[Site "Internet Chess Club"]
[Date "2009.03.01"]
[Round "5"]
[White "farbror"]
[Black "NewfieKnight"]
[Result "0-1"]
[WhiteElo "1152"]
[BlackElo "1152"]
[Opening "Evans gambit"]
[ECO "C51"]
[Time "16:30:16"]
[TimeControl "2700+45"]

1. e4 e5 2. Nf3 Nc6 3. Bc4 Bc5 4. b4 Bxb4 5. c3 Bc5 6. d4 exd4 7. cxd4 Bb4+ 8.
Bd2 Bxd2+ 9. Nbxd2 Nf6 10. Qb3 O-O 11. Ng5 Qe7 12. e5 d5 13. Bxd5 Nxd5 14. Qxd5
Qxg5 15. Ne4 Rd8 16. Qxf7+ Kxf7 17. Nxg5+ Kg8 18. Nf3 Bg4 19. Rd1 Bxf3 20. gxf3
Nxd4 21. Rd3 Nc2+ 22. Kd2 Rxd3+ 23. Kxd3 Nb4+ 24. Ke4 Nxa2 25. e6 Nc3+ 26. Kf5
Nd5 27. Re1 Ne7+ 28. Ke5 a5 29. Rd1 Re8 30. Rd7 Nc6+ 31. Kd5 Kf8 32. Rxc7 Re7
33. Rc8+ Re8 34. Rxe8+ Kxe8 35. Kd6 a4 36. Kc7 Na5 37. Kb6 a3 38. Kxa5 a2 {White
resigns} 0-1

[Event "Team 45 45 League T40"]
[Site "Internet Chess Club"]
[Date "2009.02.28"]
[Round "5"]
[White "Rhayder"]
[Black "dornoch"]
[Result "1-0"]
[WhiteElo "1255"]
[BlackElo "1023"]
[Opening "Caro-Kann: classical variation"]
[ECO "B18"]
[Time "10:09:32"]
[TimeControl "2700+45"]

1. e4 c6 2. d4 d5 3. Nc3 dxe4 4. Nxe4 Bf5 5. Ng3 g6 6. Nxf5 gxf5 7. Nf3 f6 8.
Bd3 Qd5 9. O-O e5 10. Bxf5 exd4 11. Bh3 c5 12. Re1+ Be7 13. Be3 Nc6 14. Qd2 Rd8
15. Rad1 Qxa2 16. Qc1 dxe3 17. Qxe3 Rxd1 18. Rxd1 Qxb2 19. Qd3 Qb6 20. Be6 Qd8
21. Bd7+ Kf8 22. Ng5 fxg5 23. Qf5+ Nf6 24. Qxg5 Nb8 25. Bg4 Qe8 26. Qh6+ Kg8 27.
Be6+ Qf7 28. Qg5+ Kf8 29. Bxf7 Kxf7 30. Qf5 Rd8 31. Rxd8 Bxd8 32. Qc8 a5 33.
Qxd8 Nc6 34. Qc7+ {Black resigns} 1-0

[Event "Team 45 45 League T40"]
[Site "Internet Chess Club"]
[Date "2009.02.27"]
[Round "5"]
[White "fishhead"]
[Black "Razorbackchess"]
[Result "1-0"]
[WhiteElo "1824"]
[BlackElo "1777"]
[Opening "Sicilian: Taimanov (Bastrikov) variation"]
[ECO "B47"]
[Time "18:00:23"]
[TimeControl "2700+45"]

1. e4 c5 2. Nf3 e6 3. d4 cxd4 4. Nxd4 Nc6 5. Nc3 Qc7 6. Be2 Nf6 7. f4 a6 8. e5
Ng8 9. Ne4 d5 10. exd6 Qd7 11. Be3 f5 12. Nc5 Qxd6 13. Ndxe6 Bxe6 14. Qxd6 Bxd6
15. Nxe6 g6 16. O-O-O Ke7 17. Ng5 h6 18. Nf3 Rd8 19. Rhe1 Kf7 20. Bc4+ Kg7 21.
g3 Nf6 22. Bb6 Bb4 23. Bxd8 Bxe1 24. Bxf6+ {Black resigns} 1-0

[Event "Team 45 45 League T40"]
[Site "Internet Chess Club"]
[Date "2009.03.01"]
[Round "5"]
[White "sean98"]
[Black "barraq"]
[Result "1-0"]
[WhiteElo "1701"]
[BlackElo "1591"]
[Opening "Owen defense"]
[ECO "B00"]
[Time "17:32:21"]
[TimeControl "2700+45"]

1. e4 b6 2. d4 Bb7 3. Nc3 e6 4. Bd3 d5 5. e5 Nd7 6. Nf3 h6 7. Ne2 Be7 8. O-O Bg5
9. a4 Bxc1 10. Qxc1 Ne7 11. h3 a6 12. Nh2 Rc8 13. Qd2 c5 14. c3 Nc6 15. b4 Qg5
16. f4 Qe7 17. b5 Ncb8 18. f5 Qg5 19. Qxg5 hxg5 20. fxe6 fxe6 21. Bg6+ Kd8 22.
Rf7 Nf8 23. Rxb7 Nxg6 24. Rxb6 Re8 25. Rf1 Kc7 26. Rd6 Re7 27. Nf3 Nf4 28. Nxf4
gxf4 29. dxc5 Nd7 30. b6+ Kb7 31. Nd4 Rxc5 32. Nxe6 Rxc3 33. Nd8+ Kc8 34. Rb1
Nxe5 35. b7+ Kb8 36. Rxa6 Nd7 37. Nc6+ Rxc6 38. Rxc6 Re8 39. a5 f3 40. gxf3 Ne5
41. Ra6 Kc7 42. Ra8 Rb8 43. a6 Nxf3+ 44. Kg2 Nh4+ 45. Kg3 Nf5+ 46. Kf4 Nd4 47.
Rxb8 g5+ 48. Kxg5 Ne6+ 49. Kf6 Nc5 50. Rc8+ Kd6 51. b8=Q+ Kd7 52. Rxc5 d4 53. a7
d3 54. a8=Q d2 55. Qd5# {Black checkmated} 1-0

[Event "Team 45 45 League T40"]
[Site "Internet Chess Club"]
[Date "2009.03.03"]
[Round "5"]
[White "Notscorwood"]
[Black "kingphisch"]
[Result "1/2-1/2"]
[WhiteElo "1486"]
[BlackElo "1570"]
[Opening "Caro-Kann defense"]
[ECO "B10"]
[Time "15:30:29"]
[TimeControl "2700+45"]

1. e4 c6 2. Nf3 d5 3. e5 Bf5 4. d4 e6 5. Be3 Ne7 6. Nh4 Nd7 7. g4 Be4 8. f3 Bg6
9. Bg5 Qc7 10. Nc3 Nxe5 11. Bxe7 Bxe7 12. Ng2 Nd7 13. Qe2 Qb6 14. O-O-O a5 15.
h4 h5 16. g5 Qc7 17. Qe3 Bd6 18. Bd3 Bxd3 19. Rxd3 g6 20. Na4 O-O 21. Nc5 Bxc5
22. dxc5 Qe5 23. Qxe5 Nxe5 24. Rb3 Rfb8 25. f4 Nd7 26. Rc3 a4 27. a3 Ra5 28. Ne1
Rxc5 29. Rhh3 Rxc3 30. Rxc3 Rc8 31. Nd3 c5 32. Ne5 Nxe5 33. fxe5 c4 34. Kd2 Rc6
35. Rf3 Rb6 36. Kc3 Rb5 37. Rg3 Rb6 38. Rf3 Kf8 39. Rf2 Ke7 40. Rf3 Ra6 41. Rf4
b5 42. Kb4 Rb6 43. c3 Rb7 44. Rf3 Kd8 45. Rf4 Kc8 46. Rf3 Kb8 47. Rf4 {Game
drawn by mutual agreement} 1/2-1/2

[Event "Team 45 45 League T40"]
[Site "Internet Chess Club"]
[Date "2009.02.28"]
[Round "5"]
[White "twintower"]
[Black "arconia"]
[Result "1-0"]
[WhiteElo "1430"]
[BlackElo "1364"]
[Opening "Sicilian: Steinitz variation"]
[ECO "B20"]
[Time "20:00:07"]
[TimeControl "2700+45"]

1. e4 c5 2. g3 Nc6 3. Bg2 e6 4. f4 d6 5. Nf3 Be7 6. O-O Nf6 7. d3 O-O 8. Re1 e5
9. c3 Bg4 10. Na3 a6 11. Nc2 h5 12. h3 Bd7 13. f5 Kh8 14. Nh4 Rg8 15. Bg5 g6 16.
Bf3 gxf5 17. Bxf6+ Bxf6 18. Nxf5 Bxf5 19. exf5 Rxg3+ 20. Kh2 Bh4 21. Rg1 Qg5 22.
Bxh5 Qf4 23. Rxg3 Qxg3+ 24. Kh1 Rg8 25. Bg4 Ne7 26. Qe2 Nd5 27. Rg1 Qf4 28. Qe4
Qxe4+ 29. dxe4 Nf4 30. Kh2 d5 31. exd5 Nxd5 32. Rd1 Nf6 33. Ne3 Bf2 34. Rd3 e4
35. Rd6 Nxg4+ 36. Nxg4 Rxg4 37. hxg4 e3 38. Kg2 a5 39. Kf3 Kg7 40. g5 b5 41. Rd5
f6 42. g6 Kh6 43. Rxc5 b4 44. c4 a4 45. Rb5 Kg5 46. Rxb4 Kxf5 47. g7 {Black
resigns} 1-0

[Event "Team 45 45 League T40"]
[Site "Internet Chess Club"]
[Date "2009.03.03"]
[Round "5"]
[White "MOchess-boy"]
[Black "WillsGambit"]
[Result "1-0"]
[WhiteElo "1704"]
[BlackElo "1571"]
[Opening "Queen's pawn game, Chigorin variation"]
[ECO "D02"]
[Time "16:12:53"]
[TimeControl "2700+45"]

1. d4 d5 2. Nf3 Nc6 3. e3 Nf6 4. c3 e6 5. Bd3 Bd6 6. Nbd2 Bd7 7. O-O h5 8. Re1
Ng4 9. e4 dxe4 10. Nxe4 f5 11. Nxd6+ cxd6 12. Bxf5 Qc7 13. Bxe6 Bxe6 14. Rxe6+
Ne7 15. Bg5 O-O-O 16. Rxe7 Rd7 17. Rxd7 Qxd7 18. Qd2 Rf8 19. Qd3 Qc7 20. Re1 d5
21. g3 Qf7 22. Bf4 h4 23. Ne5 Nxe5 24. Rxe5 hxg3 25. Bxg3 {Black resigns} 1-0

[Event "Team 45 45 League T40"]
[Site "Internet Chess Club"]
[Date "2009.03.01"]
[Round "5"]
[White "JABalin"]
[Black "Archdruid"]
[Result "0-1"]
[WhiteElo "1543"]
[BlackElo "1776"]
[Opening "English: symmetrical, Benoni formation"]
[ECO "A31"]
[Time "17:09:13"]
[TimeControl "2700+45"]

1. d4 Nf6 2. c4 c5 3. Nf3 cxd4 4. Nxd4 g6 5. g3 Bg7 6. Bg2 O-O 7. O-O Nc6 8. Nf3
d6 9. Nc3 a6 10. a4 Bg4 11. h3 Be6 12. Nd2 Qa5 13. e4 Ne5 14. Nd5 Bxd5 15. exd5
Qb4 16. Re1 Rac8 17. Bf1 Bh6 18. f4 Qc5+ 19. Kg2 Ned7 20. Ne4 Nxe4 21. Rxe4 Nf6
22. Rxe7 Rce8 23. Qe2 Rxe7 24. Qxe7 Nh5 25. Qe3 Qc8 26. Qe7 Re8 27. Qxd6 Bf8 28.
Qb6 Re1 29. Qf2 Re4 30. Bd3 Bc5 31. Qd2 Re7 32. b4 Bd4 33. Rb1 Re3 34. Bb2 Rxg3+
35. Kf1 Qxh3+ 36. Ke1 Rg1+ {White resigns} 0-1

[Event "Team 45 45 League T40"]
[Site "Internet Chess Club"]
[Date "2009.02.27"]
[Round "5"]
[White "OOB1"]
[Black "dscvdchk"]
[Result "1-0"]
[WhiteElo "1478"]
[BlackElo "1583"]
[Opening "Scandinavian: Pytel-Wade variation"]
[ECO "B01"]
[Time "17:06:44"]
[TimeControl "2700+45"]

1. e4 d5 2. exd5 Qxd5 3. Nc3 Qd6 4. Nf3 a6 5. b3 Nf6 6. Bb2 Bg4 7. Be2 Nc6 8. h3
Bh5 9. Nh2 Bxe2 10. Qxe2 Nd4 11. Qd3 Qe6+ 12. Ne2 O-O-O 13. Bxd4 c5 14. Qe3 cxd4
15. Qxe6+ fxe6 16. d3 e5 17. Nf3 Nd7 18. Ng5 Re8 19. O-O h6 20. Ne4 g5 21. c3
dxc3 22. N2xc3 e6 23. Rad1 Kc7 24. d4 exd4 25. Rxd4 Rd8 26. Rfd1 Bg7 27. Rc4+
Kb8 28. Na4 Ne5 29. Rxd8+ Rxd8 30. Rc1 Nc6 31. Nac5 e5 32. Ne6 Rd7 33. N4c5 Re7
34. Nxg7 Rxg7 35. Rd1 Nd4 36. Kf1 Kc7 37. Rxd4 exd4 38. Ne6+ Kd6 39. Nxg7 Ke5
40. Ke2 b5 41. g3 a5 42. Kd3 Kd5 43. Nf5 h5 44. Nxd4 {Black resigns} 1-0

[Event "Team 45 45 League T40"]
[Site "Internet Chess Club"]
[Date "2009.03.01"]
[Round "5"]
[White "Zyme"]
[Black "GadsHill"]
[Result "1-0"]
[WhiteElo "1461"]
[BlackElo "1524"]
[Opening "QGD semi-Slav: Bogolyubov variation"]
[ECO "D46"]
[Time "19:10:52"]
[TimeControl "2700+45"]

1. d4 d5 2. c4 e6 3. Nc3 Nf6 4. Nf3 c6 5. e3 Nbd7 6. Bd3 Be7 7. e4 dxe4 8. Nxe4
Nxe4 9. Bxe4 O-O 10. Bf4 Nf6 11. Bc2 c5 12. Qd3 b6 13. Be5 g6 14. O-O-O Bb7 15.
h3 Ne4 16. Qe3 Bg5 17. Nxg5 Qxg5 18. Qxg5 Nxg5 19. f3 Nxf3 20. gxf3 Bxf3 21.
dxc5 Bxh1 22. Rxh1 bxc5 23. h4 Rac8 24. Kd2 f6 25. Bc3 Rcd8+ 26. Ke3 Rd6 27. b4
Rc6 28. b5 Rd6 29. Rf1 e5 30. Be4 Kg7 31. a4 Re8 32. a5 f5 33. Bd5 h6 34. Rb1 g5
35. b6 f4+ 36. Ke4 f3 37. Kxf3 axb6 38. axb6 Rf6+ 39. Kg3 Kg6 40. b7 gxh4+ 41.
Kxh4 Rf4+ 42. Kg3 Rff8 43. Be4+ Kg5 44. Bd2+ Kh5 45. Rh1# {Black checkmated} 1-0

[Event "Team 45 45 League T40"]
[Site "Internet Chess Club"]
[Date "2009.02.28"]
[Round "5"]
[White "katabatico"]
[Black "AlPearson"]
[Result "1-0"]
[WhiteElo "1409"]
[BlackElo "1395"]
[Opening "Alekhine's defense: modern variation, 4...Bg4"]
[ECO "B05"]
[Time "12:22:36"]
[TimeControl "2700+45"]

1. e4 Nf6 2. e5 Nd5 3. d4 d6 4. Nf3 Bg4 5. Be2 e6 6. O-O Be7 7. c4 Nb6 8. Nc3
Nc6 9. Be3 O-O 10. b3 f6 11. exd6 cxd6 12. d5 exd5 13. cxd5 Ne5 14. Nd4 Bxe2 15.
Qxe2 Qd7 16. Ne6 Rfc8 17. Rac1 Rxc3 18. Bxb6 Rxc1 19. Rxc1 axb6 20. f4 Ng6 21.
Rc7 Qe8 22. f5 Nf8 23. Nxg7 Kxg7 24. Rxe7+ Qxe7 25. Qxe7+ Kg8 26. a4 Rc8 27. h3
Rc3 28. Qxf6 Rxb3 29. Kh2 Ra3 30. Qxd6 Rxa4 31. Qxb6 Rd4 32. d6 Rd2 33. f6 Kf7
34. Qc7+ Ke6 35. Qe7+ Kf5 36. Qxf8 Ke6 37. Qe7+ Kf5 38. f7 b5 39. f8=Q+ Kg6 40.
Qfg7+ Kf5 41. Qxh7+ Kf4 42. Qh6+ Kf5 43. Qxd2 Kg6 44. Qe5 Kf7 45. Qdg5 Kf8 46.
Qe6 b4 47. Qge7# {Black checkmated} 1-0

[Event "Team 45 45 League T40"]
[Site "Internet Chess Club"]
[Date "2009.02.28"]
[Round "5"]
[White "AtomicDog"]
[Black "sdcohle"]
[Result "1-0"]
[WhiteElo "1449"]
[BlackElo "1270"]
[Opening "Sicilian: dragon, Yugoslav attack, 9.Bc4"]
[ECO "B77"]
[Time "09:31:18"]
[TimeControl "2700+45"]

1. e4 c5 2. Nf3 d6 3. d4 cxd4 4. Nxd4 Nf6 5. Nc3 Nc6 6. Be3 g6 7. f3 Bg7 8. Bc4
O-O 9. Qd2 Re8 10. O-O-O a6 11. h4 Ne5 12. Bb3 Qc7 13. h5 Nxh5 14. g4 Nxf3 15.
Nxf3 Bxg4 16. Qg2 Bxc3 17. Qxg4 Bg7 18. Rxh5 gxh5 19. Qxh5 e6 20. Rh1 h6 21.
Bxh6 Bxh6+ 22. Qxh6 f6 23. Rg1+ Kf7 24. Qg7# {Black checkmated} 1-0

[Event "Team 45 45 League T40"]
[Site "Internet Chess Club"]
[Date "2009.03.02"]
[Round "5"]
[White "bjc"]
[Black "Rubacchus"]
[Result "1-0"]
[WhiteElo "1316"]
[BlackElo "1281"]
[Opening "French: advance, Paulsen attack"]
[ECO "C02"]
[Time "20:00:41"]
[TimeControl "2700+45"]

1. e4 e6 2. d4 d5 3. e5 c5 4. c3 Nc6 5. Nf3 Nge7 6. Bg5 Qb6 7. Qc2 cxd4 8. cxd4
Nxd4 9. Nxd4 Qxd4 10. Bb5+ Bd7 11. Bxd7+ Kxd7 12. O-O Qxe5 13. Bd2 Rc8 14. Qb3
Qc7 15. Nc3 g6 16. Rac1 Nc6 17. Nb5 Qb6 18. Qa4 Ra8 19. Be3 Qa6 20. Qxa6 bxa6
21. Nc3 Bg7 22. Ne2 Bxb2 23. Rc2 Rab8 24. Rb1 Be5 25. Rxb8 Rxb8 26. g3 f5 27.
Nf4 Rb2 28. Rc1 Rxa2 29. Nd3 Nd4 30. Nxe5+ Kd6 31. Bxd4 Rd2 32. Rc6+ Ke7 33.
Bc5+ Kf6 34. Nd7+ {Black resigns} 1-0

[Event "Team 45 45 League T40"]
[Site "Internet Chess Club"]
[Date "2009.02.27"]
[Round "5"]
[White "Kravier"]
[Black "yemisco1"]
[Result "1/2-1/2"]
[WhiteElo "1585"]
[BlackElo "1517"]
[Opening "Four knights: Scotch variation"]
[ECO "C47"]
[Time "14:05:37"]
[TimeControl "2700+45"]

1. e4 e5 2. Nf3 Nc6 3. Nc3 Nf6 4. d4 d6 5. dxe5 Nxe5 6. Nxe5 dxe5 7. Qxd8+ Kxd8
8. Bg5 Be6 9. O-O-O+ Kc8 10. Bxf6 gxf6 11. Nd5 Bxd5 12. Rxd5 Bh6+ 13. Kb1 Rd8
14. Bc4 Rxd5 15. Bxd5 c6 16. Bxf7 Kc7 17. Rd1 Rd8 18. Rxd8 Kxd8 19. Bg8 Bf4 20.
Bxh7 Bxh2 21. Kc1 Bg1 22. f3 Be3+ 23. Kd1 a5 24. Ke2 Bf4 25. Kf2 Ke7 26. g3 Bc1
27. b3 b5 28. a4 bxa4 29. bxa4 Kd6 30. Ke2 Kc5 31. Kd3 Kb4 32. Bg8 Kxa4 33. Kc4
Be3 34. Be6 c5 35. Kd5 Kb4 36. Kd6 a4 37. Ke7 Bg5 38. f4 exf4 39. gxf4 Bxf4 40.
Kxf6 a3 41. Ba2 Kc3 42. e5 Kxc2 43. e6 Bd6 44. e7 Bxe7+ 45. Kxe7 Kc3 46. Kd6 c4
47. Kc5 {Game drawn by mutual agreement} 1/2-1/2

[Event \"Team 45 45 League T40\"]\n[Site \"Internet Chess Club\"]\n[Date \"2009.03.04\"]\n[Round \"5\"]\n[White \"Aquaman\"]\n[Black \"kublai\"]\n[Result \"0-1\"]\n[PlyCount \"62\"]\n[Event \"Team 45 45 League T40\"]\n[TimeControl \"2700+45\"]\n\n1. Nf3 Nf6 2. g3 g6 3. Bg2 Bg7 4. O-O O-O 5. d3 d6 6. e4 Nc6 7. Nbd2 Bg4 8. h3\nBd7 9. Re1 e5 10. a3 Qc8 11. Kh2 Bh6 12. Nf1 Bxc1 13. Qxc1 h6 14. Qxh6 Nh7 15.\nNe3 f5 16. Qxg6+ Kh8 17. Ng5 Nxg5 18. Qxg5 f4 19. Qh6+ Kg8 20. Ng4 Bxg4 21.\nQg6+ Kh8 22. Qxg4 Qxg4 23. hxg4 Nd4 24. Rac1 f3 25. Bh3 Ne2 26. Rb1 Rf7 27. c3\nRh7 28. Rbd1 Rg8 29. Rd2 Rg6 30. Rdxe2 Rgh6 31. Re3 Rxh3+ White resigns.\n

[Event "Team 45 45 League T40"]
[Site "Internet Chess Club"]
[Date "2009.02.28"]
[Round "5"]
[White "SigmaSquared"]
[Black "nozmov"]
[Result "0-1"]
[WhiteElo "1366"]
[BlackElo "1438"]
[Opening "French: Winawer, advance variation"]
[ECO "C18"]
[Time "09:01:56"]
[TimeControl "2700+45"]

1. e4 e6 2. d4 d5 3. Nc3 Bb4 4. e5 c5 5. a3 Bxc3+ 6. bxc3 Nc6 7. Qg4 Nge7 8.
Qxg7 Rg8 9. Qxh7 cxd4 10. Ne2 dxc3 11. Nxc3 Nxe5 12. a4 a6 13. Ba3 N5g6 14. Bd3
Rh8 15. Qg7 Rg8 16. Qh7 Qa5 17. Bb2 d4 18. Ra3 Bd7 19. O-O dxc3 20. Bxc3 Qc5 21.
Rb3 Bxa4 22. Bb4 Qc7 23. Rc3 Qe5 24. Bxg6 Rxg6 25. Re3 Qg7 26. Qh3 Bd7 27. Qf3
Bc6 28. Re4 Bxe4 29. Qxe4 Nc6 30. g3 Nxb4 31. Qxb4 O-O-O 32. Rb1 Rd7 33. Qc5+
Rc7 34. Qa7 Qe5 35. Qa8+ Kd7 36. Rd1+ Kc6 37. Qe8+ Kb6 38. Qa8 Rxc2 39. Rb1+ Rb2
40. Qd8+ Ka7 41. Rc1 Qd5 42. Qh4 Qf3 43. Qd4+ Rb6 44. Rb1 Qc6 45. Rd1 Qd5 46.
Qa1 Qb5 47. Qd4 Rg5 48. Qf6 Rf5 49. Qd4 Rd5 50. Qa1 Rxd1+ 51. Qxd1 Qb1 {White
resigns} 0-1

[Event "Team 45 45 League T40"]
[Site "Internet Chess Club"]
[Date "2009.02.26"]
[Round "5"]
[White "reverendjim"]
[Black "simonson"]
[Result "1/2-1/2"]
[WhiteElo "1302"]
[BlackElo "1306"]
[Opening "Sicilian: Najdorf, 6.Bg5"]
[ECO "B94"]
[Time "23:29:24"]
[TimeControl "2700+45"]

1. e4 c5 2. Nf3 d6 3. d4 cxd4 4. Nxd4 Nf6 5. Nc3 a6 6. Bg5 e5 7. Nf3 Be7 8. Bc4
b5 9. Bd5 Nxd5 10. Bxe7 Nxe7 11. Ng5 Ng6 12. Nf3 O-O 13. Nd5 Bb7 14. O-O Bxd5
15. Qxd5 Ra7 16. Rad1 Rd7 17. g3 Ne7 18. Qd2 Qb6 19. Qg5 f6 20. Qh5 Nbc6 21. g4
Nb4 22. g5 Nxc2 23. gxf6 Ng6 24. Rd2 Ne3 25. fxe3 Qxe3+ 26. Rdf2 gxf6 27. Qf5
Rff7 28. Kh1 Kh8 29. Rc2 Qd3 30. Rc8+ Kg7 31. Rg1 Rc7 32. Rxc7 Rxc7 33. Nh4 Kf7
34. Nxg6 hxg6 35. Qxg6+ Ke6 36. Qf5+ Kf7 37. Qh7+ Ke6 38. Qxc7 Qf3+ 39. Rg2 Qf1+
{Game drawn by mutual agreement} 1/2-1/2

[Event "Team 45 45 League T40"]
[Site "Internet Chess Club"]
[Date "2009.03.01"]
[Round "5"]
[White "AntonioMendonca"]
[Black "Fezzik"]
[Result "1/2-1/2"]
[WhiteElo "1759"]
[BlackElo "2011"]
[Opening "English: Caro-Kann defensive system"]
[ECO "A11"]
[Time "16:48:29"]
[TimeControl "2700+45"]

1. c4 c6 2. Nf3 d5 3. cxd5 cxd5 4. Nc3 Nf6 5. g3 Nc6 6. d4 g6 7. Bg2 Bg7 8. O-O
O-O 9. Ne5 e6 10. Nxc6 bxc6 11. Bg5 h6 12. Bf4 Re8 13. Qd2 Kh7 14. Rac1 Nd7 15.
Rfd1 e5 16. dxe5 Nxe5 17. e4 Bg4 18. Bxe5 Bxe5 19. f3 Qb6+ 20. Kh1 Be6 21. f4
Bg7 22. exd5 cxd5 23. Nxd5 Qxb2 24. Qxb2 Bxb2 25. Rb1 Rab8 26. Rxb2 Bxd5 27.
Rxb8 Bxg2+ 28. Kxg2 Rxb8 29. Rd7 Rb2+ 30. Kh3 Rxa2 31. Rxf7+ Kg8 32. Rd7 a5 33.
Ra7 a4 34. Kg4 Rxh2 35. Rxa4 Kf7 36. f5 gxf5+ 37. Kxf5 Rh5+ 38. Kg4 Rb5 39. Kh4
Kg6 40. Ra6+ Kg7 41. g4 Rb1 42. Ra3 Kg6 43. Rh3 Ra1 44. Rg3 {Game drawn by
mutual agreement} 1/2-1/2

[Event "Team 45 45 League T40"]
[Site "Internet Chess Club"]
[Date "2009.03.01"]
[Round "5"]
[White "AronT"]
[Black "Victorianum"]
[Result "1/2-1/2"]
[WhiteElo "1828"]
[BlackElo "1726"]
[Opening "QGD Slav defense: exchange variation"]
[ECO "D10"]
[Time "07:04:05"]
[TimeControl "2700+45"]

1. d4 d5 2. c4 c6 3. cxd5 cxd5 4. Nc3 Nf6 5. Bf4 Qb6 6. e3 Bd7 7. Qc2 e6 8. Nf3
a6 9. Be2 Bd6 10. Bxd6 Qxd6 11. O-O O-O 12. Rfc1 Rc8 13. Qb3 b5 14. Rc2 Nc6 15.
a3 Na5 16. Qa2 Ne4 17. Rac1 Nc6 18. Nxe4 dxe4 19. Nd2 f5 20. Nb3 Ne7 21. Nc5 Nd5
22. Qb3 Rab8 23. f3 Nf6 24. fxe4 Nxe4 25. Nxe4 fxe4 26. Rc5 Rxc5 27. Rxc5 Rc8
28. Rxc8+ Bxc8 29. Qc3 Bb7 30. b4 Bd5 31. Qc5 Qc6 32. Bg4 Kf7 33. Kf2 g6 34. Kg3
Qb7 35. Kf2 Qe7 36. Qxe7+ Kxe7 37. Kg3 h5 38. Bd1 Kf6 39. Kf4 g5+ 40. Kg3 h4+
41. Kg4 Kg6 42. g3 hxg3 43. Kxg3 Bc4 44. Kg4 Bd3 45. a4 Bc4 46. axb5 axb5 47. h3
Bd3 48. h4 gxh4 49. Kxh4 Kf6 50. Kg4 Ke7 51. Kg5 Kd6 52. Kf6 Bc4 53. Bg4 Bd5 54.
Bh3 Bc4 55. Bg4 Bd5 56. Bh5 Bc4 57. Bf7 Bd5 58. Bg6 Bc6 59. Bf7 Bd5 60. Bg8 Bc4
61. Bh7 Bd5 62. Bg6 Bc6 {Game drawn by mutual agreement} 1/2-1/2